Influenza vs Knights
(R1)
Created - 20 décembre 2015 at 19:19
Goals
|
| Influenza |
1 |
0 |
0 |
1 |
| Knights |
0 |
2 |
0 |
2 |
|
Shots
|
| Influenza |
12 |
7 |
16 |
35 |
| Knights |
14 |
12 |
7 |
33 |
|
1st period
1. Influenza , Jamie Benn 13 (Oskars Bartulis) at 10:58
Penalties :
Kevin Hayes (Lon) for Holding (Minor) at 13:45, Zbynek Michalek (Lon) for Diving (Minor) at 18:45
2nd period
2. Knights , Zbynek Michalek 2 (Jason Chimera) at 0:56
3. Knights , Zack Hamill 21 (Jason Chimera, Nikita Nikitin) at 17:53
Penalties :
Zac Dalpe (VJB) for Interference (Minor) at 9:16
3rd period
No Goal
Penalties :
Oskars Bartulis (VJB) for Hooking (Minor) at 2:17, Zac Dalpe (VJB) for Hooking (Minor) at 6:21, Mathieu Carle (VJB) for Tripping (Minor) at 11:42
Goalie Stats
Thomas McCollum (VJB), 31 saves from 33 shots - (0,939), L, 2-7-0, 58:55 minutes
Jacob Markstrom (Lon), 34 saves from 35 shots - (0,971), W, 17-11-0, 60:00 minutes
Players Stats for Influenza
Player Name G A P +/- PIM S H SB GA TA FO MP PP MP PK MP
------------------------------------------------------------------------------------
Ben Smith 0 0 0 1 0 4 2 2 0 0 0/0 16:51 1:32 1:34
Carl Gunnarsson 0 0 0 -1 0 3 1 6 1 1 0/0 20:51 1:21 2:24
Charlie Coyle 0 0 0 0 0 0 0 1 0 0 0/0 8:50 0:00 0:40
Colin McDonald 0 0 0 0 0 0 1 0 0 0 0/0 7:47 0:00 0:00
Corey Tropp 0 0 0 -1 0 0 2 0 1 0 0/0 11:15 0:00 0:00
Evgeny Grachev 0 0 0 -1 0 5 1 0 0 0 4/11 11:15 0:00 0:00
Jamie Benn 1 0 1 1 0 5 3 1 1 1 1/1 16:44 1:32 1:15
John Klingberg 0 0 0 -1 0 3 3 2 0 0 0/0 21:00 1:21 2:33
Martins Karsums 0 0 0 -1 0 4 0 1 3 1 2/2 18:53 2:26 1:34
Mathieu Carle 0 0 0 -1 2 1 0 0 1 0 0/0 24:55 2:37 3:32
Noah Welch 0 0 0 -1 0 2 3 2 1 0 0/0 26:13 2:37 4:52
Oskars Bartulis 0 1 1 1 2 0 1 3 0 0 0/0 12:46 0:00 0:31
Robbie Earl 0 0 0 -1 0 1 0 1 1 0 1/1 21:17 2:26 4:01
Ryan Carter 0 0 0 -1 0 1 3 0 0 0 21/34 21:09 2:12 4:01
Ryan Russell 0 0 0 0 0 1 1 0 0 0 0/1 10:10 0:00 2:09
T.J Galiardi 0 0 0 -1 0 2 0 0 1 0 1/2 12:13 0:14 0:38
Tim Erixon 0 0 0 1 0 1 0 2 0 1 0/0 14:16 0:00 2:00
Zac Dalpe 0 0 0 1 4 2 3 0 0 0 4/8 15:35 1:32 0:00
Players Stats for Knights
Player Name G A P +/- PIM S H SB GA TA FO MP PP MP PK MP
------------------------------------------------------------------------------------
Aaron Palushaj 0 0 0 0 0 1 1 1 0 0 0/0 14:41 0:00 0:00
Alex Chiasson 0 0 0 1 0 5 0 0 0 0 0/1 18:34 3:59 0:00
Carter Ashton 0 0 0 -1 0 0 1 0 0 0 0/0 7:37 0:13 0:00
Garnet Exelby 0 0 0 1 0 0 1 1 2 1 0/0 18:42 3:11 1:14
James Wright 0 0 0 0 0 0 3 1 0 0 5/21 18:24 0:08 2:23
Jason Chimera 0 2 2 1 0 5 2 0 0 1 0/0 15:33 3:44 1:05
Jason Zucker 0 0 0 1 0 1 0 0 0 1 1/1 18:34 3:59 0:00
Joe Colborne 0 0 0 0 0 1 1 0 0 0 2/2 8:16 0:05 1:05
Kevin Hayes 0 0 0 0 2 3 3 1 1 0 0/1 14:57 3:44 0:00
Magnus Paajarvi-Svensson 0 0 0 -1 0 0 0 0 0 0 0/0 8:07 0:13 0:30
Michael Raffl 0 0 0 0 0 3 2 1 0 0 0/1 17:46 0:00 2:23
Michael Stone 0 0 0 0 0 0 0 1 1 2 0/0 14:34 0:00 0:00
Nikita Nikitin 0 1 1 1 0 3 0 5 0 1 0/0 22:59 4:45 0:00
Niklas Hjalmarsson 0 0 0 0 0 4 0 0 0 3 0/0 22:44 4:17 3:24
Tomas Kundratek 0 0 0 0 0 0 1 1 0 0 0/0 24:31 3:11 1:53
Tyler Seguin 0 0 0 0 0 1 3 0 0 0 7/13 14:16 3:44 0:00
Zack Hamill 1 0 1 1 0 5 0 1 0 0 11/20 19:04 3:59 0:30
Zbynek Michalek 1 0 1 1 2 1 2 1 0 1 0/0 16:41 0:28 1:25
3 Stars
1 - Jacob Markstrom (Lon)
2 - Jamie Benn (VJB)
3 - Jason Chimera (Lon)
Power Play
Influenza - 0 on 2 Attempt(s) - 0,00%
Knights - 0 on 4 Attempt(s) - 0,00%
Penalty Kill
Influenza - 4 on 4 Attempt(s) - 100,00%
- Score 0 goal in Penalty Kill
Knights - 2 on 2 Attempt(s) - 100,00%
- Score 0 goal in Penalty Kill
Team Stat
Influenza - Hits : 24 - Faceoff Wins : 34 - Blocked Shots : 21 - Penalty Minutes : 8
Knights - Hits : 20 - Faceoff Wins : 26 - Blocked Shots : 14 - Penalty Minutes : 4
Official
Referees : Banfield David and Peel Tim
Linesman : Bryan Pancich and Michel Cormier
Game Notes
No Game Note
Finance
Level 1 -- Attendance: 1507 (75,35%) -- Ticket Income 52 745 $
Level 2 -- Attendance: 686 (68,60%) -- Ticket Income 13 720 $
Total Attendance: 2193 (73,10%)
Total Ticket Income: 66 465 $
Other Income: 3 323 $
Total Income: 69 788 $
Influenza
5 vs 5 Forward
Center Left Wing Right Wing Time % Phy DF OF
1 Ryan Carter Robbie Earl Martins Karsums 40 1 2 2
2 Zac Dalpe Jamie Benn Ben Smith 30 1 2 2
3 Evgeny Grachev T.J Galiardi Corey Tropp 20 1 2 2
4 Charlie Coyle Ryan Russell Colin McDonald 10 1 2 2
5 vs 5 Defense
Defense Defense Time % Phy DF OF
1 Noah Welch Mathieu Carle 40 1 2 2
2 John Klingberg Carl Gunnarsson 30 1 2 2
3 Oskars Bartulis Tim Erixon 20 1 2 2
4 Noah Welch Mathieu Carle 10 1 2 2
PowerPlay Forward
Center Left Wing Right Wing Time % Phy DF OF
1 Ryan Carter Robbie Earl Martins Karsums 60 1 2 2
2 Zac Dalpe Jamie Benn Ben Smith 40 1 2 2
PowerPlay Defense
Defense Defense Time % Phy DF OF
1 Noah Welch Mathieu Carle 60 1 2 2
2 John Klingberg Carl Gunnarsson 40 1 2 2
Penalty Kill 4 Players Forward
Center Wing Time % Phy DF OF
1 Ryan Carter Robbie Earl 60 1 2 2
2 Martins Karsums Ben Smith 40 1 2 2
Penalty Kill 4 Players Defense
Defense Defense Time % Phy DF OF
1 Noah Welch Mathieu Carle 60 1 2 2
2 John Klingberg Carl Gunnarsson 40 1 2 2
Penalty Kill - 3 Players Forward
Forward Time % Phy DF OF
1 Ryan Carter 60 1 2 2
2 Robbie Earl 40 1 2 2
Penalty Kill - 3 Players Defense
Defense Defense Time % Phy DF OF
1 Noah Welch Mathieu Carle 60 1 2 2
2 John Klingberg Carl Gunnarsson 40 1 2 2
4 vs 4 Forward
Center Wing Time % Phy DF OF
1 Ryan Carter Robbie Earl 60 1 2 2
2 Martins Karsums Ben Smith 40 1 2 2
4 vs 4 Defense
Defense Defense Time % Phy DF OF
1 Noah Welch Mathieu Carle 60 1 2 2
2 John Klingberg Carl Gunnarsson 40 1 2 2
Last Minutes Offensive
Center Left Wing Right Wing Defense Defense
Ryan Carter Robbie Earl Martins Karsums Noah Welch Mathieu Carle
Last Minutes Defensive
Center Left Wing Right Wing Defense Defense
Ryan Carter Robbie Earl Martins Karsums Noah Welch Mathieu Carle
Goaltenders
Starting : Thomas McCollum
Backup : Olivier Roy
Extra Forwards
Normal : T.J Galiardi, Evgeny Grachev, Ryan Russell - PP : T.J Galiardi, Evgeny Grachev - PK : Ryan Russell
Extra Defensemen
Normal : Oskars Bartulis, Tim Erixon, John Klingberg - PP : Oskars Bartulis - PK : Tim Erixon, John Klingberg
Penalty Shots
Ryan Carter, Robbie Earl, Martins Karsums, Ben Smith, Jamie Benn
Knights
5 vs 5 Forward
Center Left Wing Right Wing Time % Phy DF OF
1 Zack Hamill Jason Zucker Alex Chiasson 36 0 2 3
2 James Wright Michael Raffl Aaron Palushaj 30 0 2 3
3 Tyler Seguin Jason Chimera Kevin Hayes 24 0 1 4
4 Joe Colborne Magnus Paajarvi-Svensson Carter Ashton 10 0 2 3
5 vs 5 Defense
Defense Defense Time % Phy DF OF
1 Niklas Hjalmarsson Tomas Kundratek 32 1 2 2
2 Garnet Exelby Nikita Nikitin 30 1 2 2
3 Zbynek Michalek Michael Stone 23 1 2 2
4 Nikita Nikitin Tomas Kundratek 15 1 2 2
PowerPlay Forward
Center Left Wing Right Wing Time % Phy DF OF
1 Zack Hamill Jason Zucker Alex Chiasson 60 0 0 5
2 Tyler Seguin Jason Chimera Kevin Hayes 40 0 0 5
PowerPlay Defense
Defense Defense Time % Phy DF OF
1 Nikita Nikitin Niklas Hjalmarsson 60 1 1 3
2 Garnet Exelby Tomas Kundratek 40 1 1 3
Penalty Kill 4 Players Forward
Center Wing Time % Phy DF OF
1 James Wright Michael Raffl 60 0 4 1
2 Joe Colborne Jason Chimera 40 0 4 1
Penalty Kill 4 Players Defense
Defense Defense Time % Phy DF OF
1 Niklas Hjalmarsson Zbynek Michalek 60 1 4 0
2 Tomas Kundratek Garnet Exelby 40 1 4 0
Penalty Kill - 3 Players Forward
Forward Time % Phy DF OF
1 James Wright 60 0 4 1
2 Joe Colborne 40 0 4 1
Penalty Kill - 3 Players Defense
Defense Defense Time % Phy DF OF
1 Niklas Hjalmarsson Zbynek Michalek 60 1 4 0
2 Garnet Exelby Tomas Kundratek 40 1 4 0
4 vs 4 Forward
Center Wing Time % Phy DF OF
1 Zack Hamill Jason Zucker 60 0 1 4
2 Tyler Seguin Jason Chimera 40 0 1 4
4 vs 4 Defense
Defense Defense Time % Phy DF OF
1 Zbynek Michalek Niklas Hjalmarsson 60 1 2 2
2 Tomas Kundratek Garnet Exelby 40 1 2 2
Last Minutes Offensive
Center Left Wing Right Wing Defense Defense
Zack Hamill Tyler Seguin Alex Chiasson Niklas Hjalmarsson Tomas Kundratek
Last Minutes Defensive
Center Left Wing Right Wing Defense Defense
James Wright Michael Raffl Kevin Hayes Niklas Hjalmarsson Tomas Kundratek
Goaltenders
Starting : Jacob Markstrom
Backup : Mark Dekanich
Extra Forwards
Normal : Tyler Seguin, Zack Hamill, James Wright - PP : James Wright, Zack Hamill - PK : Zack Hamill
Extra Defensemen
Normal : Niklas Hjalmarsson, Tomas Kundratek, Zbynek Michalek - PP : Tomas Kundratek - PK : Tomas Kundratek, Niklas Hjalmarsson
Penalty Shots
Joe Colborne, Tyler Seguin, Jason Chimera, James Wright, Zack Hamill
% Time on Ice - Influenza
Lines # - Real PCT - Wanted PCT - Time Play
Normal Forward
1 - 31% - 40% - 14:37
2 - 29% - 30% - 13:45
3 - 24% - 20% - 11:15
4 - 16% - 10% - 7:47
Normal Defense
1 - 36% - 40% - 17:16
2 - 35% - 30% - 16:32
3 - 26% - 20% - 12:16
4 - 3% - 10% - 1:20
PP Forward
1 - 61% - 60% - 2:26
2 - 39% - 40% - 1:32
PP Defense
1 - 66% - 60% - 2:37
2 - 34% - 40% - 1:21
PK Forward
1 - 80% - 60% - 6:22
2 - 20% - 40% - 1:34
PK Defense
1 - 65% - 60% - 5:11
2 - 35% - 40% - 2:45
PK3 Forward
1 - 0% - 60%
2 - 0% - 40%
PK3 Defense
1 - 0% - 60%
2 - 0% - 40%
44 Forward
1 - 0% - 60%
2 - 0% - 40%
44 Defense
1 - 0% - 60%
2 - 0% - 40%
Last Minute Offensive - 0:42
Last Minute Defensive - 0:00
Total
Forward - 60:00
Defense - 60:00
|
% Time on Ice - Knights
Lines # - Real PCT - Wanted PCT - Time Play
Normal Forward
1 - 32% - 36% - 15:13
2 - 31% - 30% - 14:53
3 - 22% - 24% - 10:32
4 - 14% - 10% - 6:46
Normal Defense
1 - 30% - 32% - 14:24
2 - 30% - 30% - 14:17
3 - 31% - 23% - 14:34
4 - 9% - 15% - 4:09
PP Forward
1 - 53% - 60% - 4:12
2 - 47% - 40% - 3:44
PP Defense
1 - 60% - 60% - 4:45
2 - 40% - 40% - 3:11
PK Forward
1 - 73% - 60% - 2:53
2 - 27% - 40% - 1:05
PK Defense
1 - 86% - 60% - 3:24
2 - 14% - 40% - 0:34
PK3 Forward
1 - 0% - 60%
2 - 0% - 40%
PK3 Defense
1 - 0% - 60%
2 - 0% - 40%
44 Forward
1 - 0% - 60%
2 - 0% - 40%
44 Defense
1 - 0% - 60%
2 - 0% - 40%
Last Minute Offensive - 0:00
Last Minute Defensive - 0:42
Total
Forward - 60:00
Defense - 60:00
|
Play by Play
1st period
0:01 of 1st period - Ryan Carter wins face-off versus Zack Hamill in neutral zone.
0:26 of 1st period - Mathieu Carle is hit by James Wright.
1:13 of 1st period - Wrist shot by Joe Colborne.
1:13 of 1st period - Stopped by Thomas McCollum without a rebound.
1:14 of 1st period - Zack Hamill wins face-off versus Ryan Carter in Influenza zone.
1:50 of 1st period - Snap shot by James Wright.
1:50 of 1st period - Shot Misses the Net.
2:08 of 1st period - Snap shot by Jason Chimera.
2:08 of 1st period - Shot Misses the Net.
2:10 of 1st period - Snap shot by Michael Stone.
2:10 of 1st period - Shot Blocked by Tim Erixon.
2:12 of 1st period - Slapshot by Zbynek Michalek.
2:12 of 1st period - Shot Misses the Net.
2:14 of 1st period - Slapshot by Jason Chimera.
2:14 of 1st period - Shot Blocked by Oskars Bartulis.
2:41 of 1st period - Icing by Oskars Bartulis.
2:42 of 1st period - Zack Hamill wins face-off versus Ryan Russell in Influenza zone.
2:43 of 1st period - Wrist shot by Alex Chiasson.
2:43 of 1st period - Stopped by Thomas McCollum without a rebound.
2:44 of 1st period - Martins Karsums wins face-off versus James Wright in Influenza zone.
3:34 of 1st period - Slapshot by Evgeny Grachev.
3:34 of 1st period - Stopped by Jacob Markstrom without a rebound.
3:35 of 1st period - Evgeny Grachev wins face-off versus James Wright in Knights zone.
3:42 of 1st period - Snap shot by T.J Galiardi.
3:42 of 1st period - Stopped by Jacob Markstrom without a rebound.
3:43 of 1st period - Ryan Carter wins face-off versus Michael Raffl in Knights zone.
3:56 of 1st period - Wrist shot by Robbie Earl.
3:56 of 1st period - Shot Blocked by Aaron Palushaj.
3:58 of 1st period - Snap shot by Martins Karsums.
3:58 of 1st period - Shot Blocked by Nikita Nikitin.
4:12 of 1st period - Slapshot by Jamie Benn.
4:12 of 1st period - Shot Misses the Net.
4:14 of 1st period - Slapshot by Carl Gunnarsson.
4:14 of 1st period - Stopped by Jacob Markstrom with a rebound.
4:16 of 1st period - Wrist shot by Jamie Benn.
4:16 of 1st period - Stopped by Jacob Markstrom with a rebound.
4:18 of 1st period - Slapshot by Carl Gunnarsson.
4:18 of 1st period - Stopped by Jacob Markstrom with a rebound.
4:30 of 1st period - Snap shot by Jason Chimera.
4:30 of 1st period - Stopped by Thomas McCollum without a rebound.
4:31 of 1st period - Tyler Seguin wins face-off versus Evgeny Grachev in Influenza zone.
4:34 of 1st period - Snap shot by Tyler Seguin.
4:34 of 1st period - Shot Misses the Net.
4:36 of 1st period - Slapshot by Niklas Hjalmarsson.
4:36 of 1st period - Stopped by Thomas McCollum with a rebound.
4:56 of 1st period - Mathieu Carle is hit by Tomas Kundratek and loses puck.
5:35 of 1st period - Wrist shot by Evgeny Grachev.
5:35 of 1st period - Deflect By T.J Galiardi.
5:35 of 1st period - Shot Misses the Net.
5:35 of 1st period - Puck is out of play.
5:36 of 1st period - Ryan Carter wins face-off versus Zack Hamill in Knights zone.
6:33 of 1st period - Garnet Exelby is hit by Zac Dalpe and loses puck.
6:46 of 1st period - Snap shot by Michael Raffl.
6:46 of 1st period - Shot Blocked by John Klingberg.
6:48 of 1st period - Slapshot by Garnet Exelby.
6:48 of 1st period - Shot Blocked by Martins Karsums.
7:04 of 1st period - Colin McDonald is hit by Tyler Seguin and loses puck.
7:21 of 1st period - Snap shot by Joe Colborne.
7:21 of 1st period - Shot Misses the Net.
7:23 of 1st period - Slapshot by Garnet Exelby.
7:23 of 1st period - Shot Blocked by Tim Erixon.
7:25 of 1st period - Slapshot by Nikita Nikitin.
7:25 of 1st period - Stopped by Thomas McCollum with a rebound.
7:27 of 1st period - Slapshot by Nikita Nikitin.
7:27 of 1st period - Shot Blocked by Jamie Benn.
9:46 of 1st period - Zbynek Michalek is hit by Jamie Benn and loses puck.
10:26 of 1st period - Wrist shot by Michael Raffl.
10:26 of 1st period - Shot Misses the Net.
10:40 of 1st period - Wrist shot by Kevin Hayes.
10:40 of 1st period - Shot Misses the Net.
10:42 of 1st period - Slapshot by Jason Chimera.
10:42 of 1st period - Shot Misses the Net.
10:58 of 1st period - Snap shot by Jamie Benn.
10:58 of 1st period - Goal by Jamie Benn - Influenza : 1 - Knights : 0.
10:59 of 1st period - Zack Hamill wins face-off versus Ryan Carter in neutral zone.
11:12 of 1st period - Wrist shot by Zack Hamill.
11:12 of 1st period - Stopped by Thomas McCollum with a rebound.
11:14 of 1st period - Wrist shot by Jason Zucker.
11:14 of 1st period - Stopped by Thomas McCollum without a rebound.
11:15 of 1st period - James Wright wins face-off versus Zac Dalpe in Influenza zone.
11:16 of 1st period - Wrist shot by Michael Raffl.
11:16 of 1st period - Stopped by Thomas McCollum with a rebound.
11:18 of 1st period - Snap shot by Nikita Nikitin.
11:18 of 1st period - Stopped by Thomas McCollum with a rebound.
11:20 of 1st period - Wrist shot by Michael Raffl.
11:20 of 1st period - Stopped by Thomas McCollum with a rebound.
11:51 of 1st period - Slapshot by Martins Karsums.
11:51 of 1st period - Stopped by Jacob Markstrom with a rebound.
12:26 of 1st period - Wrist shot by Alex Chiasson.
12:26 of 1st period - Shot Blocked by Carl Gunnarsson.
12:28 of 1st period - Snap shot by Alex Chiasson.
12:28 of 1st period - Shot Blocked by Carl Gunnarsson.
12:30 of 1st period - Snap shot by Zack Hamill.
12:30 of 1st period - Shot Misses the Net.
12:34 of 1st period - Wrist shot by Zack Hamill.
12:34 of 1st period - Stopped by Thomas McCollum with a rebound.
12:36 of 1st period - Snap shot by Alex Chiasson.
12:36 of 1st period - Shot Blocked by Carl Gunnarsson.
12:38 of 1st period - Slapshot by Michael Stone.
12:38 of 1st period - Shot Misses the Net.
12:46 of 1st period - Snap shot by Alex Chiasson.
12:46 of 1st period - Shot Misses the Net.
12:48 of 1st period - Slapshot by Michael Stone.
12:48 of 1st period - Shot Blocked by Carl Gunnarsson.
12:54 of 1st period - Snap shot by Zack Hamill.
12:54 of 1st period - Stopped by Thomas McCollum with a rebound.
12:56 of 1st period - Snap shot by Zack Hamill.
12:56 of 1st period - Deflect By Alex Chiasson.
12:56 of 1st period - Shot Blocked by Charlie Coyle.
12:56 of 1st period - Puck is out of play.
12:57 of 1st period - Ryan Carter wins face-off versus James Wright in Influenza zone.
13:08 of 1st period - Aaron Palushaj is hit by Noah Welch and loses puck.
13:21 of 1st period - Michael Raffl is hit by Ryan Carter.
13:35 of 1st period - Wrist shot by Aaron Palushaj.
13:35 of 1st period - Stopped by Thomas McCollum without a rebound.
13:36 of 1st period - Tyler Seguin wins face-off versus Zac Dalpe in Influenza zone.
13:43 of 1st period - Wrist shot by Ben Smith.
13:43 of 1st period - Shot Misses the Net.
13:45 of 1st period - Minor Penalty to Kevin Hayes for Holding.
13:46 of 1st period - Ryan Carter wins face-off versus James Wright in Knights zone.
14:23 of 1st period - Wrist shot by Jamie Benn.
14:23 of 1st period - Shot Misses the Net.
14:25 of 1st period - Backhand shot by Ben Smith.
14:25 of 1st period - Shot Blocked by Zbynek Michalek.
14:27 of 1st period - Slapshot by Noah Welch.
14:27 of 1st period - Shot Misses the Net.
15:45 of 1st period - Penalty to Kevin Hayes is over, Kevin Hayes is back on ice.
16:04 of 1st period - Slapshot by Alex Chiasson.
16:04 of 1st period - Stopped by Thomas McCollum without a rebound.
16:05 of 1st period - Tyler Seguin wins face-off versus Evgeny Grachev in Influenza zone.
16:26 of 1st period - Nikita Nikitin is hit by Oskars Bartulis and loses puck.
16:57 of 1st period - Snap shot by Ben Smith.
16:57 of 1st period - Stopped by Jacob Markstrom with a rebound.
16:59 of 1st period - Wrist shot by Ben Smith.
16:59 of 1st period - Stopped by Jacob Markstrom without a rebound.
17:00 of 1st period - Jamie Benn wins face-off versus James Wright in Knights zone.
17:44 of 1st period - Snap shot by Zac Dalpe.
17:44 of 1st period - Stopped by Jacob Markstrom with a rebound.
17:46 of 1st period - Slapshot by Zac Dalpe.
17:46 of 1st period - Shot Misses the Net.
17:48 of 1st period - Snap shot by Zac Dalpe.
17:48 of 1st period - Shot Misses the Net.
17:50 of 1st period - Slapshot by Noah Welch.
17:50 of 1st period - Stopped by Jacob Markstrom with a rebound.
17:52 of 1st period - Snap shot by Jamie Benn.
17:52 of 1st period - Shot Misses the Net.
17:54 of 1st period - Slapshot by Noah Welch.
17:54 of 1st period - Stopped by Jacob Markstrom without a rebound.
17:55 of 1st period - Jason Zucker wins face-off versus Ryan Carter in Knights zone.
17:55 of 1st period - Jason Zucker is hit by Ryan Carter.
18:06 of 1st period - Garnet Exelby is hit by John Klingberg and loses puck.
18:32 of 1st period - Slapshot by Nikita Nikitin.
18:32 of 1st period - Shot Blocked by Oskars Bartulis.
18:45 of 1st period - Minor Penalty to Zbynek Michalek for Diving.
18:46 of 1st period - James Wright wins face-off versus Ryan Carter in Knights zone.
19:26 of 1st period - Michael Raffl is hit by Jamie Benn and loses puck.
19:37 of 1st period - Martins Karsums is hit by Jason Chimera and loses puck.
Goals for this period are 1 for Influenza vs 0 for Knights.
Shots for this period are 12 for Influenza vs 14 for Knights.
2nd period
0:01 of 2nd period - James Wright wins face-off versus Ryan Carter in neutral zone.
0:08 of 2nd period - Backhand shot by Michael Raffl.
0:08 of 2nd period - Stopped by Thomas McCollum without a rebound.
0:09 of 2nd period - Ryan Carter wins face-off versus James Wright in Influenza zone.
0:14 of 2nd period - Slapshot by Noah Welch.
0:14 of 2nd period - Deflect By Martins Karsums.
0:14 of 2nd period - Shot Misses the Net.
0:14 of 2nd period - Puck is out of play.
0:15 of 2nd period - Ryan Carter wins face-off versus James Wright in Knights zone.
0:45 of 2nd period - Penalty to Zbynek Michalek is over, Zbynek Michalek is back on ice.
0:54 of 2nd period - Snap shot by Jason Chimera.
0:54 of 2nd period - Shot Misses the Net.
0:56 of 2nd period - Snap shot by Zbynek Michalek.
0:56 of 2nd period - Goal by Zbynek Michalek - Influenza : 1 - Knights : 1.
0:57 of 2nd period - Zack Hamill wins face-off versus Ryan Carter in neutral zone.
1:22 of 2nd period - Nikita Nikitin is hit by Noah Welch and loses puck.
1:31 of 2nd period - Slapshot by Kevin Hayes.
1:31 of 2nd period - Stopped by Thomas McCollum without a rebound.
1:32 of 2nd period - Zack Hamill wins face-off versus Zac Dalpe in Influenza zone.
1:41 of 2nd period - Slapshot by Alex Chiasson.
1:41 of 2nd period - Deflect By Jason Zucker.
1:41 of 2nd period - Shot Misses the Net.
1:41 of 2nd period - Puck is out of play.
1:42 of 2nd period - Zac Dalpe wins face-off versus Zack Hamill in Influenza zone.
1:46 of 2nd period - Off-side.
1:47 of 2nd period - Zack Hamill wins face-off versus Ryan Carter in neutral zone.
1:50 of 2nd period - Snap shot by Alex Chiasson.
1:50 of 2nd period - Stopped by Thomas McCollum without a rebound.
1:51 of 2nd period - Ryan Carter wins face-off versus Zack Hamill in Influenza zone.
2:18 of 2nd period - Snap shot by Kevin Hayes.
2:18 of 2nd period - Shot Misses the Net.
2:20 of 2nd period - Snap shot by Jason Chimera.
2:20 of 2nd period - Shot Misses the Net.
2:22 of 2nd period - Wrist shot by Jason Chimera.
2:22 of 2nd period - Stopped by Thomas McCollum without a rebound.
2:23 of 2nd period - Tyler Seguin wins face-off versus Zac Dalpe in Influenza zone.
2:37 of 2nd period - Wrist shot by Ben Smith.
2:37 of 2nd period - Deflect By Zac Dalpe.
2:37 of 2nd period - Shot Misses the Net.
2:37 of 2nd period - Puck is out of play.
2:38 of 2nd period - Ryan Carter wins face-off versus James Wright in Knights zone.
3:05 of 2nd period - Tomas Kundratek is hit by Zac Dalpe and loses puck.
3:24 of 2nd period - Wrist shot by Jason Chimera.
3:24 of 2nd period - Stopped by Thomas McCollum without a rebound.
3:25 of 2nd period - T.J Galiardi wins face-off versus Tyler Seguin in Influenza zone.
4:18 of 2nd period - Wrist shot by Alex Chiasson.
4:18 of 2nd period - Shot Misses the Net.
4:20 of 2nd period - Slapshot by Garnet Exelby.
4:20 of 2nd period - Shot Blocked by Ben Smith.
5:25 of 2nd period - Snap shot by Ryan Carter.
5:25 of 2nd period - Shot Misses the Net.
5:44 of 2nd period - Snap shot by Zac Dalpe.
5:44 of 2nd period - Shot Blocked by Zack Hamill.
6:00 of 2nd period - Slapshot by Ryan Russell.
6:00 of 2nd period - Shot Misses the Net.
6:14 of 2nd period - Jason Chimera is hit by Evgeny Grachev and loses puck.
6:44 of 2nd period - Noah Welch is hit by Michael Raffl and loses puck.
7:38 of 2nd period - Snap shot by Evgeny Grachev.
7:38 of 2nd period - Stopped by Jacob Markstrom without a rebound.
7:39 of 2nd period - Evgeny Grachev wins face-off versus Tyler Seguin in Knights zone.
7:48 of 2nd period - Slapshot by Jason Chimera.
7:48 of 2nd period - Shot Blocked by Carl Gunnarsson.
7:50 of 2nd period - Slapshot by Jason Chimera.
7:50 of 2nd period - Shot Misses the Net.
7:52 of 2nd period - Wrist shot by Tyler Seguin.
7:52 of 2nd period - Shot Misses the Net.
7:54 of 2nd period - Slapshot by Michael Stone.
7:54 of 2nd period - Shot Blocked by John Klingberg.
7:56 of 2nd period - Wrist shot by Kevin Hayes.
7:56 of 2nd period - Stopped by Thomas McCollum without a rebound.
7:57 of 2nd period - Ryan Carter wins face-off versus Alex Chiasson in Influenza zone.
8:22 of 2nd period - Nikita Nikitin is hit by Zac Dalpe and loses puck.
8:27 of 2nd period - Snap shot by Ben Smith.
8:27 of 2nd period - Stopped by Jacob Markstrom without a rebound.
8:28 of 2nd period - Zac Dalpe wins face-off versus James Wright in Knights zone.
8:33 of 2nd period - Slapshot by John Klingberg.
8:33 of 2nd period - Stopped by Jacob Markstrom without a rebound.
8:34 of 2nd period - Ryan Carter wins face-off versus James Wright in Knights zone.
8:43 of 2nd period - Wrist shot by Robbie Earl.
8:43 of 2nd period - Shot Misses the Net.
9:01 of 2nd period - Snap shot by Alex Chiasson.
9:01 of 2nd period - Stopped by Thomas McCollum with a rebound.
9:03 of 2nd period - Snap shot by Zack Hamill.
9:03 of 2nd period - Shot Misses the Net.
9:16 of 2nd period - Minor Penalty to Zac Dalpe for Interference.
9:17 of 2nd period - Zack Hamill wins face-off versus Ryan Carter in Influenza zone.
9:32 of 2nd period - Slapshot by Noah Welch.
9:32 of 2nd period - Shot Misses the Net.
9:50 of 2nd period - Slapshot by Kevin Hayes.
9:50 of 2nd period - Shot Blocked by Noah Welch.
9:52 of 2nd period - Snap shot by Nikita Nikitin.
9:52 of 2nd period - Shot Blocked by Noah Welch.
9:54 of 2nd period - Snap shot by Niklas Hjalmarsson.
9:54 of 2nd period - Stopped by Thomas McCollum with a rebound.
10:30 of 2nd period - Tomas Kundratek is hit by Jamie Benn.
10:50 of 2nd period - Jason Chimera is hit by Carl Gunnarsson and loses puck.
11:16 of 2nd period - Penalty to Zac Dalpe is over, Zac Dalpe is back on ice.
11:21 of 2nd period - Zac Dalpe is hit by Carter Ashton and loses puck.
12:06 of 2nd period - Backhand shot by Zac Dalpe.
12:06 of 2nd period - Shot Blocked by Nikita Nikitin.
12:08 of 2nd period - Slapshot by Jamie Benn.
12:08 of 2nd period - Stopped by Jacob Markstrom with a rebound.
12:18 of 2nd period - Ryan Carter is hit by Kevin Hayes and loses puck.
12:33 of 2nd period - Snap shot by John Klingberg.
12:33 of 2nd period - Deflect By Nikita Nikitin.
12:33 of 2nd period - Stopped by Jacob Markstrom without a rebound.
12:34 of 2nd period - Joe Colborne wins face-off versus Evgeny Grachev in Knights zone.
12:34 of 2nd period - Joe Colborne is hit by Corey Tropp.
12:47 of 2nd period - Snap shot by Carl Gunnarsson.
12:47 of 2nd period - Deflect By T.J Galiardi.
12:47 of 2nd period - Shot Misses the Net.
12:47 of 2nd period - Puck is out of play.
12:48 of 2nd period - Zack Hamill wins face-off versus Ryan Carter in Knights zone.
13:01 of 2nd period - Backhand shot by Zack Hamill.
13:01 of 2nd period - Shot Blocked by Robbie Earl.
13:03 of 2nd period - Snap shot by Alex Chiasson.
13:03 of 2nd period - Stopped by Thomas McCollum with a rebound.
13:13 of 2nd period - Robbie Earl is hit by Kevin Hayes and loses puck.
14:00 of 2nd period - Snap shot by Evgeny Grachev.
14:00 of 2nd period - Shot Misses the Net.
14:56 of 2nd period - Corey Tropp is hit by Aaron Palushaj and loses puck.
15:20 of 2nd period - Joe Colborne is hit by John Klingberg and loses puck.
15:43 of 2nd period - Snap shot by Zack Hamill.
15:43 of 2nd period - Shot Misses the Net.
16:16 of 2nd period - Icing by Jason Chimera.
16:17 of 2nd period - Evgeny Grachev wins face-off versus Tyler Seguin in Knights zone.
16:18 of 2nd period - Wrist shot by T.J Galiardi.
16:18 of 2nd period - Shot Misses the Net.
16:23 of 2nd period - Off-side.
16:24 of 2nd period - Zack Hamill wins face-off versus Ryan Carter in neutral zone.
16:39 of 2nd period - Slapshot by Noah Welch.
16:39 of 2nd period - Shot Misses the Net.
16:51 of 2nd period - Slapshot by Jamie Benn.
16:51 of 2nd period - Stopped by Jacob Markstrom with a rebound.
17:31 of 2nd period - Slapshot by Nikita Nikitin.
17:31 of 2nd period - Shot Blocked by Oskars Bartulis.
17:39 of 2nd period - Snap shot by Evgeny Grachev.
17:39 of 2nd period - Shot Blocked by Nikita Nikitin.
17:53 of 2nd period - Wrist shot by Zack Hamill.
17:53 of 2nd period - Goal by Zack Hamill - Influenza : 1 - Knights : 2.
17:54 of 2nd period - Ryan Carter wins face-off versus Zack Hamill in neutral zone.
18:07 of 2nd period - Snap shot by Zack Hamill.
18:07 of 2nd period - Stopped by Thomas McCollum without a rebound.
18:08 of 2nd period - Ryan Carter wins face-off versus James Wright in Influenza zone.
18:17 of 2nd period - Slapshot by Mathieu Carle.
18:17 of 2nd period - Shot Misses the Net.
19:12 of 2nd period - Tomas Kundratek is hit by Colin McDonald and loses puck.
19:30 of 2nd period - Icing by Niklas Hjalmarsson.
19:31 of 2nd period - Ryan Carter wins face-off versus Zack Hamill in Knights zone.
19:40 of 2nd period - Wrist shot by Ryan Carter.
19:40 of 2nd period - Stopped by Jacob Markstrom without a rebound.
19:41 of 2nd period - James Wright wins face-off versus Ryan Carter in Knights zone.
19:48 of 2nd period - Ryan Carter is hit by James Wright and loses puck.
Goals for this period are 0 for Influenza vs 2 for Knights.
Shots for this period are 7 for Influenza vs 12 for Knights.
3rd period
0:01 of 3rd period - Ryan Carter wins face-off versus Zack Hamill in neutral zone.
0:34 of 3rd period - Noah Welch is hit by James Wright and loses puck.
0:55 of 3rd period - Snap shot by Kevin Hayes.
0:55 of 3rd period - Shot Misses the Net.
1:06 of 3rd period - Kevin Hayes is hit by Corey Tropp and loses puck.
2:03 of 3rd period - Slapshot by Zbynek Michalek.
2:03 of 3rd period - Shot Blocked by Ben Smith.
2:17 of 3rd period - Minor Penalty to Oskars Bartulis for Hooking.
2:18 of 3rd period - Zack Hamill wins face-off versus Ryan Carter in Influenza zone.
2:53 of 3rd period - Snap shot by Tyler Seguin.
2:53 of 3rd period - Stopped by Thomas McCollum with a rebound.
3:41 of 3rd period - Jason Chimera is hit by Ben Smith and loses puck.
3:48 of 3rd period - Carl Gunnarsson is hit by Jason Chimera and loses puck.
4:17 of 3rd period - Penalty to Oskars Bartulis is over, Oskars Bartulis is back on ice.
4:22 of 3rd period - Wrist shot by Ryan Russell.
4:22 of 3rd period - Stopped by Jacob Markstrom without a rebound.
4:23 of 3rd period - Zac Dalpe wins face-off versus James Wright in Knights zone.
4:28 of 3rd period - Snap shot by Ben Smith.
4:28 of 3rd period - Stopped by Jacob Markstrom with a rebound.
4:30 of 3rd period - Slapshot by Ben Smith.
4:30 of 3rd period - Shot Misses the Net.
4:32 of 3rd period - Slapshot by Tim Erixon.
4:32 of 3rd period - Stopped by Jacob Markstrom without a rebound.
4:33 of 3rd period - Zac Dalpe wins face-off versus James Wright in Knights zone.
4:56 of 3rd period - Zac Dalpe is hit by Michael Raffl and loses puck.
5:12 of 3rd period - Snap shot by Zac Dalpe.
5:12 of 3rd period - Shot Misses the Net.
5:14 of 3rd period - Slapshot by Carl Gunnarsson.
5:14 of 3rd period - Deflect By Jamie Benn.
5:14 of 3rd period - Stopped by Jacob Markstrom with a rebound.
5:28 of 3rd period - John Klingberg is hit by Zbynek Michalek and loses puck.
6:13 of 3rd period - Zbynek Michalek is hit by John Klingberg and loses puck.
6:21 of 3rd period - Minor Penalty to Zac Dalpe for Hooking.
6:22 of 3rd period - Ryan Carter wins face-off versus Zack Hamill in Influenza zone.
8:21 of 3rd period - Penalty to Zac Dalpe is over, Zac Dalpe is back on ice.
8:26 of 3rd period - Snap shot by Zac Dalpe.
8:26 of 3rd period - Shot Blocked by Nikita Nikitin.
8:28 of 3rd period - Wrist shot by Zac Dalpe.
8:28 of 3rd period - Stopped by Jacob Markstrom without a rebound.
8:29 of 3rd period - Joe Colborne wins face-off versus Evgeny Grachev in Knights zone.
8:48 of 3rd period - T.J Galiardi is hit by Zbynek Michalek and loses puck.
9:36 of 3rd period - Snap shot by John Klingberg.
9:36 of 3rd period - Stopped by Jacob Markstrom with a rebound.
9:38 of 3rd period - Slapshot by Carl Gunnarsson.
9:38 of 3rd period - Deflect By James Wright.
9:38 of 3rd period - Stopped by Jacob Markstrom with a rebound.
9:54 of 3rd period - Slapshot by Nikita Nikitin.
9:54 of 3rd period - Stopped by Thomas McCollum without a rebound.
9:55 of 3rd period - Ryan Carter wins face-off versus Tyler Seguin in Influenza zone.
10:21 of 3rd period - Alex Chiasson is hit by Noah Welch and loses puck.
11:24 of 3rd period - Tyler Seguin is hit by Ryan Carter and loses puck.
11:42 of 3rd period - Minor Penalty to Mathieu Carle for Tripping.
11:43 of 3rd period - Ryan Carter wins face-off versus Zack Hamill in Influenza zone.
12:08 of 3rd period - Ryan Carter is hit by Tyler Seguin and loses puck.
12:13 of 3rd period - Snap shot by Jason Chimera.
12:13 of 3rd period - Stopped by Thomas McCollum with a rebound.
12:15 of 3rd period - Slapshot by Garnet Exelby.
12:15 of 3rd period - Shot Misses the Net.
12:58 of 3rd period - Tomas Kundratek is hit by Ryan Russell and loses puck.
13:33 of 3rd period - Noah Welch is hit by Tyler Seguin.
13:42 of 3rd period - Penalty to Mathieu Carle is over, Mathieu Carle is back on ice.
13:44 of 3rd period - Off-side.
13:45 of 3rd period - James Wright wins face-off versus Evgeny Grachev in neutral zone.
13:54 of 3rd period - Wrist shot by Evgeny Grachev.
13:54 of 3rd period - Stopped by Jacob Markstrom with a rebound.
13:56 of 3rd period - Wrist shot by John Klingberg.
13:56 of 3rd period - Shot Misses the Net.
13:58 of 3rd period - Slapshot by John Klingberg.
13:58 of 3rd period - Shot Misses the Net.
14:00 of 3rd period - Wrist shot by Corey Tropp.
14:00 of 3rd period - Shot Blocked by Michael Stone.
14:10 of 3rd period - Zac Dalpe is hit by Joe Colborne and loses puck.
14:21 of 3rd period - Zbynek Michalek is hit by Ben Smith and loses puck.
14:59 of 3rd period - Snap shot by Martins Karsums.
14:59 of 3rd period - Deflect By Robbie Earl.
14:59 of 3rd period - Stopped by Jacob Markstrom without a rebound.
15:00 of 3rd period - Ryan Carter wins face-off versus James Wright in Knights zone.
15:03 of 3rd period - Snap shot by Martins Karsums.
15:03 of 3rd period - Stopped by Jacob Markstrom without a rebound.
15:04 of 3rd period - Ryan Carter wins face-off versus Tyler Seguin in Knights zone.
15:17 of 3rd period - Slapshot by Niklas Hjalmarsson.
15:17 of 3rd period - Stopped by Thomas McCollum with a rebound.
15:36 of 3rd period - Icing by Mathieu Carle.
15:37 of 3rd period - Tyler Seguin wins face-off versus T.J Galiardi in Influenza zone.
15:40 of 3rd period - Snap shot by Jason Chimera.
15:40 of 3rd period - Stopped by Thomas McCollum with a rebound.
15:46 of 3rd period - Snap shot by Noah Welch.
15:46 of 3rd period - Shot Misses the Net.
15:48 of 3rd period - Snap shot by Evgeny Grachev.
15:48 of 3rd period - Stopped by Jacob Markstrom without a rebound.
15:49 of 3rd period - Tyler Seguin wins face-off versus Evgeny Grachev in Knights zone.
15:54 of 3rd period - Wrist shot by Corey Tropp.
15:54 of 3rd period - Shot Blocked by Tomas Kundratek.
16:00 of 3rd period - Slapshot by Nikita Nikitin.
16:00 of 3rd period - Shot Blocked by Carl Gunnarsson.
17:12 of 3rd period - Off-side.
17:13 of 3rd period - Tyler Seguin wins face-off versus Evgeny Grachev in neutral zone.
17:20 of 3rd period - Slapshot by Niklas Hjalmarsson.
17:20 of 3rd period - Stopped by Thomas McCollum without a rebound.
17:21 of 3rd period - Evgeny Grachev wins face-off versus Tyler Seguin in Influenza zone.
17:28 of 3rd period - Corey Tropp is hit by Kevin Hayes and loses puck.
17:36 of 3rd period - Snap shot by Kevin Hayes.
17:36 of 3rd period - Stopped by Thomas McCollum with a rebound.
17:45 of 3rd period - Off-side.
17:46 of 3rd period - Zack Hamill wins face-off versus Ryan Carter in neutral zone.
18:16 of 3rd period - Snap shot by Zac Dalpe.
18:16 of 3rd period - Shot Misses the Net.
18:18 of 3rd period - Snap shot by Zac Dalpe.
18:18 of 3rd period - Shot Misses the Net.
18:20 of 3rd period - Slapshot by John Klingberg.
18:20 of 3rd period - Shot Misses the Net.
18:36 of 3rd period - Snap shot by Evgeny Grachev.
18:36 of 3rd period - Stopped by Jacob Markstrom with a rebound.
18:38 of 3rd period - Wrist shot by Tim Erixon.
18:38 of 3rd period - Shot Blocked by Nikita Nikitin.
18:46 of 3rd period - Tim Erixon is hit by Garnet Exelby and loses puck.
18:55 of 3rd period - Influenza, Thomas McCollum is pulled from the net.
18:59 of 3rd period - Snap shot by Corey Tropp.
18:59 of 3rd period - Shot Blocked by Michael Raffl.
19:01 of 3rd period - Slapshot by Mathieu Carle.
19:01 of 3rd period - Stopped by Jacob Markstrom with a rebound.
19:11 of 3rd period - Slapshot by Evgeny Grachev.
19:11 of 3rd period - Shot Misses the Net.
19:13 of 3rd period - Snap shot by T.J Galiardi.
19:13 of 3rd period - Stopped by Jacob Markstrom with a rebound.
19:15 of 3rd period - Slapshot by T.J Galiardi.
19:15 of 3rd period - Shot Blocked by James Wright.
19:17 of 3rd period - Snap shot by Carl Gunnarsson.
19:17 of 3rd period - Deflect By Evgeny Grachev.
19:17 of 3rd period - Shot Blocked by Garnet Exelby.
19:17 of 3rd period - Puck is out of play.
19:18 of 3rd period - Joel Quenneville call a timeout for Influenza.
19:18 of 3rd period - Martins Karsums wins face-off versus James Wright in Knights zone.
19:49 of 3rd period - Snap shot by Robbie Earl.
19:49 of 3rd period - Shot Misses the Net.
19:51 of 3rd period - Slapshot by Robbie Earl.
19:51 of 3rd period - Deflect By Martins Karsums.
19:51 of 3rd period - Stopped by Jacob Markstrom without a rebound.
19:52 of 3rd period - Robbie Earl wins face-off versus James Wright in Knights zone.
19:53 of 3rd period - Slapshot by Martins Karsums.
19:53 of 3rd period - Shot Blocked by Kevin Hayes.
19:55 of 3rd period - Snap shot by Martins Karsums.
19:55 of 3rd period - Stopped by Jacob Markstrom without a rebound.
19:56 of 3rd period - Ryan Carter wins face-off versus Kevin Hayes in Knights zone.
Goals for this period are 0 for Influenza vs 0 for Knights.
Shots for this period are 16 for Influenza vs 7 for Knights.
Output by the SimonT Hockey Simulator (STHS) for François Prévost -- Original Page W3C XHTML 1.0 Valid